Map: [ESL] Goldenaura

Players

ShoWTimE - Winner!

  • Race: Protoss Protoss
  • League: Master
  • Spawn Location: 12:00

Reynor

  • Race: Zerg Zerg
  • League: Master
  • Spawn Location: 5:00

Event: HomeStory Cup XXIV

VOD

Have the link to the VOD?

Description

Time

  • Played on: Dec. 3, 2023, 9:18 a.m.
  • Length: 11:07

All games in this series

Show
View Real Time Build Order
Export as new Build Order

ShoWTimE Protoss - Winner!

Build Orders: 1 Gate Expand, Oracle Opening, Zealot Archon 

Get SALT Encoding   

  12  0:00  Probe  
  13  0:12  Probe  
  14  0:18  Pylon  
  14  0:24  Probe  
  14  0:27  Assimilator  
  15  0:36  Probe (Chrono Boost)  
  16  0:42  Gateway  
  16  0:48  Probe (Chrono Boost)  
  17  0:55  Probe (Chrono Boost)  
  18  1:03  Probe  
  19  1:15  Probe  
  20  1:23  Nexus  
  20  1:27  Probe  
  21  1:36  Cybernetics Core  
  21  1:41  Assimilator  
  21  1:45  Probe  
  22  1:51  Pylon  
  22  1:57  Probe  
  23  2:09  Probe (Chrono Boost)  
  23  2:13  Stargate, Adept  
  26  2:17  Warp Gate  
  26  2:20  Probe (Chrono Boost)  
  27  2:26  Probe (Chrono Boost)  
  28  2:35  Probe (Chrono Boost)  
  29  2:38  Probe (Chrono Boost)  
  29  2:43  Stalker  
  33  2:44  Probe (Chrono Boost)  
  33  2:45  Probe (Chrono Boost)  
  33  2:49  Probe (Chrono Boost)  
  35  2:52  Probe  
  35  2:55  Oracle (Chrono Boost)  
  39  2:59  Pylon  
  39  3:02  Probe  
  39  3:04  Probe  
  41  3:13  Adept  
  41  3:14  Probe  
  41  3:16  Probe  
  41  3:18  Gateway  
  45  3:25  Oracle (Chrono Boost)  
  45  3:26  Probe  
  46  3:29  Probe  
  50  3:38  Probe  
  50  3:40  Pylon  
  50  3:41  Probe  
  52  3:51  Nexus  
  52  3:53  Probe x2  
  54  3:57  Oracle (Chrono Boost)  
  57  4:02  Pylon  
  57  4:05  Probe x2  
  57  4:06  Assimilator  
  59  4:10  Assimilator  
  59  4:17  Probe x2  
  59  4:21  Adept x2  
  65  4:28  Forge  
  65  4:29  Probe x2  
  67  4:37  Twilight Council  
  65  4:41  Probe x2  
  65  4:48  Protoss Ground Weapons Level 1 (Chrono Boost)  
  65  4:49  Adept x2  
  69  4:53  Probe  
  69  4:56  Gateway x2  
  70  5:03  Probe x2  
  70  5:05  Probe, Charge (Chrono Boost)  
  73  5:15  Probe x2  
  73  5:17  Probe  
  74  5:21  Sentry  
  74  5:22  Shield Battery  
  74  5:23  Sentry  
  74  5:27  Probe x2  
  78  5:28  Gateway x2  
  78  5:29  Probe  
  75  5:37  Pylon  
  75  5:39  Robotics Facility, Probe  
  75  5:40  Probe  
  75  5:42  Probe  
  78  5:48  Assimilator  
  78  5:50  Assimilator, Templar Archives  
  78  5:51  Probe  
  78  5:52  Probe  
  78  5:54  Zealot x2, Probe  
  85  5:59  Gateway, Phoenix  
  85  6:00  Phoenix  
  85  6:01  Gateway  
  85  6:02  Photon Cannon  
  85  6:03  Probe  
  86  6:05  Probe  
  86  6:07  Pylon  
  87  6:12  Zealot x2  
  87  6:15  Pylon  
  91  6:18  Pylon  
  91  6:24  Gateway  
  91  6:29  High Templar x4  
  99  6:32  Archon  
  99  6:33  Archon  
  99  6:35  Zealot x2  
  103  6:42  Probe  
  101  6:50  Warp Prism (Chrono Boost)  
  101  6:52  Protoss Ground Weapons Level 2 (Chrono Boost), Probe  
  101  6:53  Nexus  
  104  6:55  Pylon  
  104  7:01  Zealot x3, Pylon  
  104  7:05  Zealot x3  
  104  7:06  Zealot  
  117  7:14  Probe  
  111  7:23  Probe x2  
  111  7:24  Zealot x4  
  111  7:25  Nexus  
  115  7:33  Pylon, Probe  
  115  7:34  Blink (Chrono Boost)  
  115  7:35  Probe  
  117  7:46  Pylon  
  117  7:47  Probe  
  117  7:48  Probe  
  117  7:50  Pylon, Probe  
  114  7:51  Zealot x3, Pylon  
  114  7:52  Zealot x2  
  114  7:53  Pylon  
  124  8:00  Probe  
  124  8:04  Probe  
  122  8:05  Pylon  
  122  8:10  Zealot x4  
  118  8:13  Zealot x5  
  118  8:16  Probe  
  118  8:19  Zealot x3  
  108  8:30  Immortal (Chrono Boost)  
  106  8:36  High Templar x6  
  106  8:38  Probe x3  
  106  8:40  Archon  
  106  8:41  Archon x2  
  121  8:42  Photon Cannon  
  121  8:48  Probe  
  122  8:49  Shield Battery  
  122  8:50  Probe  
  122  8:55  Gateway  
  123  8:56  Gateway, High Templar x2  
  123  8:57  Zealot  
  123  8:58  Gateway  
  123  9:00  Archon, Assimilator  
  129  9:05  Assimilator  
  129  9:07  Observer (Chrono Boost)  
  130  9:10  Gateway  
  130  9:12  High Templar x4  
  130  9:13  High Templar  
  130  9:14  High Templar  
  130  9:16  Gateway  
  142  9:17  Archon x2  
  142  9:18  Archon  
  142  9:20  Warp Prism (Chrono Boost)  
  142  9:22  Zealot  
  146  9:29  Photon Cannon  
  146  9:31  Photon Cannon  
  146  9:33  Photon Cannon  
  146  9:43  High Templar x2, Pylon  
  146  9:44  Zealot  
  152  9:47  Archon  
  152  9:49  Immortal (Chrono Boost)  
  152  9:50  Pylon  
  156  9:56  High Templar x2  
  156  9:57  Zealot x3  
  166  10:00  Archon  
  166  10:05  Zealot x3  
  172  10:11  Zealot  
  174  10:16  Zealot x5  
  174  10:20  Pylon  
  165  10:29  Sentry x2, Immortal (Chrono Boost)  
  165  10:30  Zealot x6  
  185  10:36  Nexus  
  185  10:37  Zealot x2  
  185  10:47  Zealot x2  
  185  10:48  Zealot x2  
  191  10:53  Zealot x4  
Show
View Real Time Build Order
Export as new Build Order

Reynor Zerg 

Build Orders: Hatch First 

Get SALT Encoding   

  12  0:00  Drone  
  13  0:12  Overlord  
  13  0:17  Drone  
  14  0:30  Drone x2  
  16  0:48  Hatchery  
  15  0:51  Drone  
  15  0:55  Drone  
  17  0:58  Drone  
  18  1:09  Extractor  
  17  1:14  Spawning Pool  
  17  1:17  Drone  
  17  1:19  Drone  
  18  1:27  Drone  
  19  1:38  Drone  
  20  1:48  Overlord  
  20  2:01  Drone, Queen x2  
  20  2:02  Drone  
  26  2:10  Drone  
  26  2:11  Drone  
  28  2:21  Drone x2  
  30  2:30  Hatchery  
  30  2:32  Drone x2  
  30  2:36  Metabolic Boost  
  31  2:43  Drone, Overlord  
  32  2:49  Queen  
  34  2:55  Queen  
  36  3:02  Overlord  
  36  3:03  Drone  
  36  3:04  Drone  
  36  3:05  Drone  
  39  3:09  Drone x2  
  39  3:11  Drone  
  39  3:12  Drone  
  43  3:13  Drone  
  43  3:17  Overlord  
  44  3:21  Drone  
  44  3:22  Zergling x2  
  44  3:26  Queen  
  46  3:29  Zergling x4  
  50  3:35  Queen  
  50  3:39  Overlord  
  52  3:44  Spore Crawler  
  52  3:45  Queen  
  53  3:48  Drone  
  53  3:49  Drone  
  53  3:53  Drone, Evolution Chamber  
  53  3:55  Drone  
  56  3:57  Drone  
  56  3:58  Drone  
  56  4:00  Drone  
  56  4:01  Drone  
  60  4:04  Drone  
  60  4:06  Drone x2  
  63  4:10  Spore Crawler  
  63  4:11  Drone  
  63  4:12  Drone  
  63  4:14  Drone  
  65  4:19  Drone  
  65  4:22  Zerg Melee Weapons Level 1  
  65  4:23  Overlord  
  66  4:24  Overlord  
  66  4:31  Overlord  
  66  4:35  Drone x2  
  66  4:36  Drone, Spore Crawler  
  66  4:40  Drone  
  66  4:45  Drone x6  
  66  4:46  Drone  
  66  4:47  Drone  
  66  4:52  Drone, Spore Crawler  
  68  4:55  Drone x2  
  71  5:01  Zergling x8  
  75  5:09  Drone  
  75  5:12  Drone x2  
  75  5:13  Drone  
  79  5:15  Hatchery  
  79  5:16  Overlord  
  79  5:18  Drone  
  79  5:19  Drone  
  78  5:21  Drone  
  78  5:24  Drone x2  
  78  5:25  Drone  
  81  5:31  Lair  
  81  5:32  Drone x3  
  81  5:35  Drone, Extractor  
  83  5:36  Extractor  
  83  5:37  Drone x2  
  83  5:40  Extractor, Drone  
  83  5:43  Drone x3  
  83  5:44  Drone  
  83  5:46  Drone x2  
  83  5:48  Drone  
  90  5:55  Extractor x2  
  90  5:56  Queen  
  90  5:57  Drone, Spore Crawler  
  90  6:00  Overlord  
  90  6:01  Zergling x8  
  90  6:02  Drone  
  95  6:09  Drone  
  95  6:11  Baneling Nest, Evolution Chamber  
  95  6:14  Drone x3  
  95  6:15  Drone  
  95  6:16  Overlord x2  
  98  6:19  Overlord  
  98  6:25  Zergling x2  
  99  6:28  Drone  
  99  6:30  Hydralisk Den  
  99  6:31  Overlord  
  99  6:33  Drone x4  
  99  6:34  Drone x2, Spore Crawler  
  99  6:35  Drone x2  
  99  6:38  Zergling x6  
  108  6:42  Zergling x4  
  108  6:45  Zerg Missile Weapons Level 1, Zerg Melee Weapons Level 2  
  106  6:49  Drone x3  
  106  6:51  Overlord  
  108  6:59  Hydralisk x3, Muscular Augments  
  108  7:00  Hydralisk x2  
  118  7:04  Hydralisk  
  118  7:05  Hydralisk x2  
  118  7:07  Overlord  
  120  7:21  Hydralisk x6  
  122  7:24  Zergling x2  
  122  7:25  Zergling x10  
  122  7:28  Hydralisk x2  
  119  7:32  Hydralisk  
  119  7:33  Zergling x6  
  119  7:36  Queen  
  116  7:38  Zergling x2  
  116  7:39  Zergling x2  
  115  7:44  Zergling x4  
  115  7:45  Zergling x6  
  115  7:49  Hydralisk x2  
  114  7:52  Hydralisk  
  114  7:58  Zergling x4, Hydralisk x2  
  117  8:00  Centrifugal Hooks  
  117  8:03  Hydralisk  
  117  8:04  Zergling x6  
  122  8:11  Hydralisk x2  
  122  8:12  Zergling x2  
  115  8:16  Zergling x2, Hydralisk  
  97  8:20  Queen  
  97  8:22  Hydralisk  
  87  8:27  Hydralisk x2  
  87  8:30  Hydralisk x3  
  92  8:36  Queen  
  92  8:37  Zergling x2  
  92  8:38  Zergling x2  
  92  8:39  Hydralisk  
  98  8:44  Zergling x2  
  98  8:48  Zergling x2  
  98  8:49  Zergling x2  
  98  8:52  Queen  
  98  8:55  Zergling x2  
  103  8:58  Zergling x4  
  103  8:59  Zergling x4  
  103  9:01  Zergling x2  
  108  9:06  Zergling x2  
  108  9:08  Hydralisk  
  111  9:12  Drone  
  112  9:17  Hydralisk, Baneling x10  
  112  9:20  Hatchery  
  112  9:24  Hydralisk x2  
  112  9:29  Hydralisk  
  112  9:30  Hydralisk, Infestation Pit  
  119  9:43  Drone x7  
  119  9:45  Drone x2  
  128  9:52  Hydralisk x3  
  132  9:57  Drone x2  
  136  10:00  Hydralisk  
  136  10:01  Hydralisk  
  136  10:05  Hydralisk x2  
  144  10:09  Overseer  
  144  10:12  Overlord  
  144  10:17  Hydralisk  
  136  10:34  Hydralisk x3  
  140  10:39  Hydralisk x2  
  143  10:45  Baneling x5  
  143  10:47  Hatchery  
  143  10:48  Overlord  
  143  10:49  Overlord  
Tags
 
Add a new tag
Caveats
  • Supply blocks, unpowered buildings, or Contaminate may cause inaccurate times.
  • Supply counts are checked every 10 seconds.